 Dungeon Crawl Stone Soup version 0.26.1-2-gb8aa6d0cf2 (webtiles) character file.

Game seed: 12092259081715997448

8334 jlumianski the Cleaver (level 11, -6/95 HPs)
             Began as a Palentonga Fighter on Feb 27, 2021.
             Was an Elder of Okawaru.
             Mangled by a two-headed ogre
             ... wielding a cursed -2 giant club
              (22 damage)
             ... on level 11 of the Dungeon on Feb 28, 2021.
             The game lasted 00:49:26 (9831 turns).

jlumianski the Cleaver (Palentonga Fighter)         Turns: 9831, Time: 00:49:27

Health: -6/95      AC: 26    Str: 23    XL:     11   Next: 8%
Magic:  0/12       EV:  6    Int:  8    God:    Okawaru [****..]
Gold:   617        SH: 19    Dex: 12    Spells: 10/10 levels left

rFire    . . .     SeeInvis +   R - +3 war axe
rCold    . . .     Faith    .   r - +1 tower shield
rNeg     + . .     Spirit   +   J - +0 plate armour
rPois    +         Reflect  .   B - +1 helmet
rElec    .         Harm     +   G - scarf {+Inv}
rCorr    .         Rampage  .   w - +2 pair of gloves of a bailey {Harm rN+ Dex-4 Slay+5}
Will     .....                  (no barding)
Stlth    ..........             K - amulet of guardian spirit
HPRegen  0.25/turn              b - +6 ring of dexterity
MPRegen  0.13/turn              N - ring of poison resistance

@: heroism, curled up
A: large, rugged brown scales 3, see invisible, deformed body, high mp 1,
mutation resistance 1, roll 1, armoured tail, reflexive curl
a: Rolling Charge, Renounce Religion, Evoke Invisibility, Heroism


You were on level 11 of the Dungeon.
You worshipped Okawaru.
Okawaru was greatly pleased with you.
You visited 2 branches of the dungeon, and saw 12 of its levels.

You collected 617 gold pieces.

Inventory:

Hand Weapons
 Q - a +4 flail of freezing
 R - a +3 war axe (weapon)
Missiles
 a - 25 poisoned darts
 h - 9 boomerangs (quivered)
 u - 6 curare-tipped darts
 L - 6 throwing nets
Armour
 r - a +1 tower shield (worn)
 w - the +2 pair of gloves of a bailey (worn) {Harm rN+ Dex-4 Slay+5}
   (You found it on level 4 of the Dungeon)

   It affects your dexterity (-4).
   It affects your accuracy and damage with ranged weapons and melee attacks
   (+5).
   It protects you from negative energy.
   It increases damage dealt and taken.
 B - a +1 helmet (worn)
 G - a scarf of invisibility (worn)
 J - a +0 plate armour (worn)
Jewellery
 b - a +6 ring of dexterity (left hand)
 e - an uncursed ring of ice
 q - an uncursed ring of protection from fire
 E - an uncursed ring of resist corrosion
 K - an amulet of guardian spirit (around neck)
 N - a ring of poison resistance (right hand)
Wands
 p - a wand of iceblast (9)
 S - a wand of disintegration (10)
Scrolls
 g - a scroll of fear
 i - 6 scrolls of identify
 l - 3 scrolls of teleportation
 s - 4 scrolls of remove curse
 y - a scroll of magic mapping
Potions
 c - a potion of haste {unknown}
 d - 2 potions of might
 f - a potion of invisibility
 o - 6 potions of curing
 t - a potion of flight
 z - a potion of heal wounds
 F - 2 potions of lignification
Miscellaneous
 m - a condenser vane


   Skills:
 + Level 6.2(11.2) Fighting
 + Level 11.3(16.3) Axes
 + Level 0.4(5.4) Throwing
 + Level 6.6(11.6) Armour
 + Level 1.0(6.0) Dodging
 - Level 0.4(5.4) Stealth
 + Level 6.2(11.2) Shields
 + Level 0.1(5.1) Unarmed Combat
 * Level 5.4 Evocations


You had 10 spell levels left.
You didn't know any spells.
Your spell library contained the following spells:

 Spells                   Type           Power        Failure   Level
 Animate Skeleton         Necr           0%           100%        1
 Pain                     Necr           0%           100%        1
 Sandblast                Erth           0%           100%        1
 Passwall                 Tmut/Erth      0%           100%        2
 Stone Arrow              Conj/Erth      0%           100%        3
 Vampiric Draining        Necr           0%           100%        3
 Animate Dead             Necr           0%           100%        4
 Petrify                  Tmut/Erth      0%           100%        4
 Agony                    Necr           0%           100%        5
 Lee's Rapid Deconstruct  Erth           0%           100%        5


Dungeon Overview and Level Annotations

Branches:
Dungeon (11/15)            Temple (1/1) D:7            Lair (0/6) D:10
    Orc: D:9-12

Altars:
Ashenzari
Dithmenos
Fedhas
Gozag
Hepliaklqana
Kikubaaqudgha
Nemelex Xobeh
Okawaru
Qazlal
Ru
Sif Muna
Trog
Vehumet
Wu Jian
Xom
Yredelemnul
The Shining One

Annotations:
D:6 Grinder


Innate Abilities, Weirdness & Mutations

You are completely covered in rugged brown scales. (AC +3, +7% HP)
You have supernaturally acute eyesight. (SInv)
Armour fits poorly on your strangely shaped body.
You can roll at nearby foes to attack.
You have a long armoured tail.
You curl defensively after being hit.
You have an increased reservoir of magic. (+10% MP)
You are somewhat resistant to further mutation.


Message History

You slash the two-headed ogre!
The two-headed ogre is moderately wounded.
You block the two-headed ogre's attack.
The two-headed ogre hits you with a +0 giant club!!
* * * LOW HITPOINT WARNING * * *
You hit the two-headed ogre but do no damage.
The two-headed ogre is lightly wounded.
You gain the combat prowess of a mighty hero.
The two-headed ogre hits you with a cursed -2 giant club!
* * * LOW HITPOINT WARNING * * *
You block the two-headed ogre's attack.
You slash the two-headed ogre!
The two-headed ogre is heavily wounded.
The two-headed ogre barely misses you. You block the two-headed ogre's attack.
You hit the two-headed ogre.
The two-headed ogre is heavily wounded.
You hit the two-headed ogre but do no damage.
The two-headed ogre is heavily wounded.
The two-headed ogre hits you with a cursed -2 giant club!!
You die...

### ...
#.# #.#
#.# #.#
#.# #O#
##@#####
#......#
#......#
#......#
#......#
#......#
#......#
#
#......#
#.
##.#####


You could see a two-headed ogre.

Vanquished Creatures
  A boulder beetle (D:11)
  A two-headed ogre (D:8)
  Joseph (D:10)
  Psyche (D:8)
  Maggie (D:8)
  Sigmund (D:6)
  3 yaks (D:10)
  A wraith (D:11)
  A steam dragon (D:9)
  3 water moccasins
  An orc warrior (D:10)
  4 ice beasts
  2 sky beasts
  2 black bears (D:7)
  4 ogres
  2 phantoms
  3 centaurs
  5 big kobolds
  6 bullfrogs
  A water moccasin zombie (D:10)
  2 scorpions
  21 wights
  4 howler monkeys
  A bullfrog zombie (D:4)
  2 gnoll shamans (D:7)
  2 hounds
  5 orc priests
  8 orc wizards
  Jessica (D:3)
  2 centaur skeletons
  2 iguanas
  3 worker ants
  A killer bee zombie (D:8)
  3 hound zombies
  A hound skeleton (D:4)
  A howler monkey zombie (D:6)
  3 worker ant zombies
  6 gnolls
  10 adders
  3 white imps
  An ufetubus (D:7)
  2 oozes
  An adder skeleton (D:8)
  5 worms
  2 leopard geckos
  40 orcs
  3 ball pythons
  8 giant cockroaches
  9 hobgoblins
  9 jackals
  6 quokkas
  8 bats
  4 frilled lizards
  6 goblins
  A jackal skeleton (D:6)
  20 kobolds
  A leopard gecko skeleton (D:8)
  2 quokka skeletons
  8 rats
261 creatures vanquished.

Vanquished Creatures (others)
  7 withered plants (D:4)
7 creatures vanquished.

Grand Total: 268 creatures vanquished

Notes
Turn   | Place    | Note
-------+----------+-------------------------------------------
     0 | D:1      | jlumianski the Palentonga Fighter began the quest for the
                  | Orb.
     0 | D:1      | Reached XP level 1. HP: 20/20 MP: 1/1
   112 | D:1      | Reached XP level 2. HP: 21/27 MP: 2/2
   639 | D:1      | Reached XP level 3. HP: 33/33 MP: 3/3
  1417 | D:2      | Reached skill level 3 in Axes
  1417 | D:2      | Reached XP level 4. HP: 32/40 MP: 4/4
  1635 | D:2      | Found a broken altar of Ashenzari.
  1635 | D:2      | Found a shimmering blue altar of Sif Muna.
  1635 | D:2      | Found a stormy altar of Qazlal.
  1756 | D:2      | Found a bloodstained altar of Trog.
  2253 | D:3      | Noticed Jessica
  2269 | D:2      | Reached XP level 5. HP: 45/48 MP: 5/5
  2398 | D:3      | Killed Jessica
  2438 | D:3      | Reached skill level 4 in Axes
  2646 | D:4      | Reached XP level 6. HP: 54/54 MP: 6/6
  2763 | D:4      | Got a pair of jewelled gloves
  2769 | D:4      | Identified the +2 pair of gloves of a bailey {Harm rN+
                  | Dex-4 Slay+5} (You found it on level 4 of the Dungeon)
  3263 | D:4      | Reached skill level 5 in Axes
  3340 | D:4      | Gained mutation: You curl defensively after being hit.
                  | [Palentonga growth]
  3340 | D:4      | Reached XP level 7. HP: 54/62 MP: 7/7
  3416 | D:5      | Entered Level 5 of the Dungeon
  3527 | D:4      | Found an ancient bone altar of Kikubaaqudgha.
  3710 | D:4      | Found a glowing golden altar of the Shining One.
  3786 | D:4      | Reached skill level 6 in Axes
  4179 | D:5      | Got a masterwork dagger
  4180 | D:5      | Identified the cursed +1 dagger "Banisher" {drain, rC+
                  | Str-3 Int+6} (You found it on level 5 of the Dungeon)
  4323 | D:5      | Reached skill level 7 in Axes
  4323 | D:5      | Reached XP level 8. HP: 59/70 MP: 8/8
  5050 | D:6      | Reached skill level 1 in Evocations
  5359 | D:6      | Reached skill level 8 in Axes
  5493 | D:6      | Noticed Grinder
  5493 | D:6      | Noticed Sigmund
  5593 | D:7      | Found an ornate altar of the Wu Jian Council.
  5694 | D:7      | Reached XP level 9. HP: 77/77 MP: 9/9
  5719 | D:7      | Gained mutation: You have an increased reservoir of magic.
                  | (+10% MP) [potion of mutation]
  5719 | D:7      | Gained mutation: You are somewhat resistant to further
                  | mutation. [potion of mutation]
  5766 | D:7      | Reached skill level 5 in Armour
  5968 | D:6      | Found a stormy altar of Qazlal.
  5971 | D:6      | Killed Sigmund
  6337 | D:7      | Found a staircase to the Ecumenical Temple.
  6372 | Temple   | Entered the Ecumenical Temple
  6394 | Temple   | Became a worshipper of Warmaster Okawaru
  6430 | D:7      | Reached skill level 9 in Axes
  6525 | D:7      | Reached skill level 5 in Fighting
  6773 | D:8      | Noticed a two-headed ogre
  6782 | D:8      | Killed a two-headed ogre
  6782 | D:8      | Reached * piety under Okawaru
  6783 | D:8      | Reached skill level 5 in Shields
  7149 | D:8      | Noticed Maggie
  7310 | D:8      | Killed Maggie
  7310 | D:8      | Reached ** piety under Okawaru
  7313 | D:8      | Reached XP level 10. HP: 69/86 MP: 6/11
  7480 | D:8      | Noticed Psyche
  7488 | D:8      | Killed Psyche
  7489 | D:8      | Reached skill level 10 in Axes
  7617 | D:8      | Found a blossoming altar of Fedhas.
  7870 | D:9      | Found a sacrificial altar of Ru.
  8614 | D:10     | Entered Level 10 of the Dungeon
  8903 | D:10     | Reached *** piety under Okawaru
  9198 | D:10     | Noticed Joseph
  9204 | D:10     | Reached skill level 11 in Axes
  9212 | D:10     | Killed Joseph
  9213 | D:10     | Reached skill level 1 in Dodging
  9213 | D:10     | Reached skill level 5 in Evocations
  9255 | D:10     | Reached **** piety under Okawaru
  9440 | D:10     | Found a staircase to the Lair.
  9760 | D:11     | Noticed a boulder beetle
  9797 | D:11     | Killed a boulder beetle
  9798 | D:11     | Reached XP level 11. HP: 34/95 MP: 7/12
  9819 | D:11     | Noticed a two-headed ogre
  9831 | D:11     | Mangled by a two-headed ogre

Illustrated notes

Levels and vault maps discovered:
D:1:      ncdulo_lavacross, layout_basic
D:2:      layout_loops_ring, nicolae_overflow_hidden_temple,
          gammafunk_temple_overflow_claw, minmay_hexomino_u4
D:3:      layout_rooms, uniq_jessica
D:4:      layout_rooms, lemuel_doored_altar, lemuel_zombie_altar_kikubaaqudgha,
          serial_undead, serial_undead_e, serial_undead_b, serial_undead_b,
          serial_undead_c
D:5:      layout_loops_ring, serial_glass, glass_columns_c, glass_columns_c
D:6:      cheibrodos_thug_alley, layout_basic, basic_altar, uniq_grinder,
          uniq_sigmund
D:7:      layout_cave_pools, old_standard_altar, minmay_temple_entry_glass
D:8:      layout_rooms, kennysheep_little_box, minmay_misc_feat_four_crosses,
          minivault_1, uniq_maggie, uniq_psyche
D:9:      layout_loops_corners, kennysheep_mini_moat
D:10:     layout_roguey, lair_entry_dummy, uniq_joseph
D:11:     layout_basic, orc_0_dummy
Temple:   dshaligram_water_room_temple

Skill      XL: |  1  2  3  4  5  6  7  8  9 10 |
---------------+-------------------------------+-----
Axes           | 3 4 5 7 8 9 11 | 11.3
Shields        | 3 4 5 6 |  6.2
Armour         | 3 4 5 6 |  6.6
Fighting       | 4 5 6 |  6.2
Evocations     | 2 4 5 |  5.4
Dodging        | 1 |  1.0
Throwing       | |  0.4
Stealth        | |  0.4
Unarmed Combat | |  0.1

Action                   |  1- 3 |  4- 6 |  7- 9 | 10-12 || total
-------------------------+-------+-------+-------+-------++-------
Melee: War axe           |   152 |   167 |   218 |   202 ||   739
       Tailslap          |    12 |    12 |    28 |    30 ||    82
       Unarmed           |       |       |     1 |       ||     1
Throw: Stone             |     4 |       |     2 |       ||     6
       Javelin           |       |       |     4 |       ||     4
Invok: Heroism           |       |       |     1 |     1 ||     2
 Abil: Rolling Charge    |    30 |    18 |    33 |    29 ||   110
  Use: Potion            |     2 |       |     5 |     1 ||     8
       Scroll            |     1 |     1 |     9 |     9 ||    20
Armor: Scale mail        |    60 |       |       |       ||    60
       Chain mail        |    27 |   108 |    44 |       ||   179
       Plate armour      |       |       |    59 |    49 ||   108
Dodge: Dodged            |    40 |    21 |    23 |    11 ||    95
Block: Kite shield       |    95 |    97 |    35 |       ||   227
       Tower shield      |       |       |   113 |   130 ||   243
